 Dungeon Crawl Stone Soup version 0.32-a0-612-g1c984fe9d1 (webtiles) character file.

Game seed: 8003405467672212631

73676 CougarLife the Devastator (level 15, -1/90 HPs)
             Began as a Gargoyle Earth Elementalist on Mar 4, 2024.
             Was the Champion of Vehumet.
             Collided with a starcursed mass (2 damage)
             ... after being knocked back by a wretched star
             ... while paralysed by accursed screaming
             ... on level 2 of the Abyss.
             The game lasted 00:37:20 (22866 turns).

CougarLife the Devastator (GrEE)                   Turns: 22866, Time: 00:37:20

Health: -1/90      AC: 22    Str:  8      XL:     15   Next: 44%
Magic:  3/24       EV:  2    Int: 19      God:    Vehumet [******]
Gold:   3389       SH:  0    Dex:  9 (10) Spells: 17/38 levels left

rFire   . . .        T - staff of earth
rCold   . . .        (no shield)
rNeg    + + .        C - +0 troll leather armour
rPois   ∞            q - +1 helmet
rElec   +            v - +2 cloak
rCorr   .            (no gloves)
SInv    .            G - +0 pair of boots
Will    ++...        O - amulet of the acrobat
Stlth   +            R - ring of willpower
HPRegen 0.00/turn    x - ring of positive energy
MPRegen 0.19/turn

%: random rage (9%), acrobat
@: paralysed, about to teleport, flying, inhibited regen
A: sickness immunity, AC +11, big wings, negative energy resistance 1,
electricity resistance, torment resistance 1, petrification resistance, [berserk
2], [deterioration 2], [dopey 2], [low MP 2], [inhibited regeneration], [weak 2]
a: Renounce Religion


You were on level 2 of the Abyss.
You worshipped Vehumet.
Vehumet was exalted by your worship.
You visited 2 branches of the dungeon, and saw 16 of its levels.
You visited the Abyss 1 time.
You also visited: Bailey.

You collected 3389 gold pieces.

Inventory:

Missiles
 D - 2 throwing nets
Armour
 q - a +1 helmet (worn)
 v - a +2 cloak (worn)
 C - a +0 troll leather armour (worn)
 G - a +0 pair of boots (worn)
 N - a +2 robe of cold resistance
Magical Staves
 T - a staff of earth (weapon)
Jewellery
 x - a ring of positive energy (right hand)
 I - a ring of ice
 O - an amulet of the acrobat (around neck)
 R - a ring of willpower (left hand)
 S - an amulet of reflection
Wands
 a - a wand of paralysis (19)
 o - a wand of polymorph (25)
 y - a wand of quicksilver (20)
 L - a wand of digging (4)
Scrolls
 h - 3 scrolls of amnesia
 i - 2 scrolls of revelation
 l - 5 scrolls of enchant armour
 m - 3 scrolls of teleportation
 n - 5 scrolls of fog
 p - 2 scrolls of immolation
 u - 2 scrolls of noise
 B - 3 scrolls of poison
 K - a scroll of fear {unknown}
Potions
 c - 3 potions of lignification
 d - 2 potions of resistance
 e - 2 potions of might
 r - 2 potions of attraction {unknown}
 s - 8 potions of curing
 t - 4 potions of heal wounds
 z - 5 potions of enlightenment {unknown}
 A - 2 potions of cancellation {unknown}
 F - 3 potions of brilliance {unknown}
 J - 5 potions of degeneration {unknown}


   Skills:
 - Level 9.0 Fighting
 - Level 7.0 Armour
 - Level 1.5 Dodging
 - Level 2.1 Stealth
 + Level 12.2 Spellcasting
 + Level 15.6 Conjurations
 + Level 8.2 Fire Magic
 * Level 6.0 Air Magic
 - Level 14.5 Earth Magic


You had 17 spell levels left.
You knew the following spells:

 Your Spells              Type           Power      Damage    Failure   Level
a - Sandblast             Erth           100%       2d20      0%          1
b - Stone Arrow           Conj/Erth      100%       3d13      1%          3
c - Starburst             Conj/Fire      27%        6d9       2%          6
d - Lee's Rapid Deconstr  Erth           39%        3d19*     1%          5
e - Plasma Beam           Fire/Air       19%        2x1d30    17%         6

Your spell library contained the following spells:

 Spells                   Type           Power      Damage    Failure   Level
 Fulminant Prism          Conj/Alch      20%        3d12      1%          4
 Magic Dart               Conj           100%       1d8       0%          1
 Foxfire                  Conj/Fire      100%       2x1d9     1%          1
 Momentum Strike          Conj/Tloc      82%        3d10      1%          2
 Dazzling Flash           Conj/Hex       82%        N/A       1%          3
 Passwall                 Erth           79%        N/A       1%          3
 Volatile Blastmotes      Fire/Tloc      54%        2d14      1%          3
 Brom's Barrelling Bould  Conj/Erth      80%        2d9       1%          4
 Iskenderun's Battlesphe  Conj           63%        2d11      1%          5
 Bombard                  Conj/Erth      40%        9d7       1%          6
 Leda's Liquefaction      Alch/Erth      28%        N/A       4%          4
 Petrify                  Alch/Erth      56%        N/A       4%          4
 Frozen Ramparts          Ice            22%        1d4       7%          3
 Necrotise                Necr           44%        1d6       9%          1
 Blink                    Tloc           22%        N/A       12%         2
 Call Imp                 Summ           22%        N/A       12%         2
 Lesser Beckoning         Tloc           22%        N/A       12%         2
 Vampiric Draining        Necr           11%        2d6       24%         3
 Spellforged Servitor     Conj/Summ      20%        N/A       54%         7
 Dispel Undead            Necr           11%        3d9       63%         4
 Martyr's Knell           Necr/Summ      11%        N/A       63%         4
 Curse of Agony           Necr           11%        N/A       92%         5
 Metabolic Englaciation   Hex/Ice        5%         N/A       92%         5
 Death Channel            Necr           5%         N/A       100%        6
 Maxwell's Capacitive Co  Air            17%        ∞         100%        8
 Cigotuvi's Dreadful Rot  Necr/Alch/Air  Unusable   N/A       N/A         2

Dungeon Overview and Level Annotations

Branches:
Dungeon (11/15)            Temple (0/1) D:7            Lair (5/5) D:9
 Shoals (0/4) Lair:3        Snake (0/4) Lair:2        Slime (0/5) Lair:4
    Orc (0/2) D:9          Bailey (visited)

Altars:
Dithmenos
Makhleb
Nemelex Xobeh
Qazlal
Ru
Sif Muna
Trog
Vehumet
Zin
Jiyva


Innate Abilities, Weirdness & Mutations

You are immune to sickness and miasma.
Your stone body is resilient. (AC +11)
You are immune to poison.
Your large and strong wings let you fly.
You resist negative energy. (rN+)
You are resistant to electric shocks. (rElec)
You are resistant to unholy torment.
You are immune to petrification.
[You have an uncontrollable temper.]
[Your body often deteriorates upon taking damage.]
[You are very dopey. (Int -4)]
[Your magical capacity is very low. (-20% MP)]
[You do not regenerate when monsters are visible.]
[You are very weak. (Str -4)]


Message History

You can move again.
The starcursed mass touches you!
A deafening chorus of shrieks assaults your mind!
The wretched star pulses with an eldritch light!
Your regeneration stops near monsters.
You feel stupid. x2
The smoke demon gestures at you. Something smites you!
A deafening chorus of shrieks assaults your mind!
The starcursed mass completely misses you.
A deafening chorus of shrieks assaults your mind!
* * * LOW HITPOINT WARNING * * *
A tentacled starspawn comes into view.
The starcursed mass misses you.
The wretched star pulses with an eldritch light!
You feel weaker. x2
A deafening chorus of shrieks assaults your mind!
* * * LOW HITPOINT WARNING * * *
Tentacles burst from the starspawn's body!
The starcursed mass barely misses you. 2 starspawn tentacles come into view.
A centaur warrior skeleton comes into view.
The wretched star pulses with an eldritch light!
You feel yourself wasting away.
You feel your body start to fall apart.
A deafening chorus of shrieks assaults your mind!
* * * LOW HITPOINT WARNING * * *
The starcursed mass completely misses you.
The centaur warrior skeleton moves out of view.
You feel much better.
The starcursed mass touches you but does no damage.
A deafening chorus of shrieks assaults your mind!
* * * LOW HITPOINT WARNING * * *
You suddenly lose the ability to move!
The wretched star glows turbulently.
The lance of force hits you!
* * * LOW HITPOINT WARNING * * *
Your body deteriorates!
You feel clumsy.
You are knocked back by the lance of force.
You collide with the starcursed mass!
The starcursed mass is moderately damaged.
You die... #. .... .##### .. . .... .... ..X. ... #XX

.....
#X#
#X#
#X#
#@#
#*#
#X#
#3# .
...
....
R
#...
####
# .


You could see 6 starcursed masses, a tentacled starspawn, a wretched star and a
smoke demon.

Vanquished Creatures
  A tentacled starspawn (Abyss:2)
  Fannar (D:11)
  A rakshasa (Abyss:2)
  4 hydras
  A centaur warrior (D:8)
  A boulder beetle (Lair:3)
  15 death yaks
  A two-headed ogre (D:10)
  A thrashing horror (Abyss:2)
  A naga warrior (Abyss:2)
  A skyshark (Lair:2)
  A shadow demon (Abyss:2)
  An orange crystal statue (D:9)
  An orc knight (Bailey)
  A cyclops (D:8)
  3 large abominations (Abyss:2)
  6 oklob plants
  A salamander (Lair:2)
  2 ugly things
  2 manticores (D:11)
  3 elephants
  2 torpor snails
  4 black mambas
  Joseph (D:9)
  2 smoke demons (Lair:5)
  2 gargoyles
  11 cane toads
  Jeremiah (D:9)
  4 rime drakes
  A freezing wraith (Abyss:2)
  2 kobold demonologists (Bailey)
  A bunyip simulacrum (Abyss:2)
  9 komodo dragons
  2 ancient zymes (Abyss:2)
  7 trolls
  4 merfolk (Lair:3)
  4 polar bears
  19 blink frogs
  4 raiju (Abyss:2)
  Prince Ribbit (D:7)
  9 dream sheep
  A vampire (D:11)
  12 small abominations
  36 yaks
  2 shadows
  A spriggan (shapeshifter) (Lair:5)
  A spriggan (Lair:5)
  5 wyverns
  2 wraiths
  3 neqoxecs (Abyss:2)
  5 basilisks
  3 chaos spawn (Lair:5)
  7 vampire mosquitoes
  5 steam dragons
  4 swamp worms (Lair:1)
  11 water moccasins
  3 black bears
  3 ice beasts
  19 orc warriors
  A sky beast (D:8)
  8 laughing skulls
  2 ogres (D:6)
  6 wolves (Lair:2)
  4 centaurs
  A phantom (D:4)
  2 kobold brigands
  A gnoll sergeant (D:7)
  15 bullfrogs
  3 scorpions
  17 wights
  17 killer bees
  A howler monkey (D:11)
  An electric eel (Bailey)
  7 lava snakes
  2 bombardier beetles (D:5)
  2 quasits (Abyss:2)
  9 hounds
  2 jellies (D:4)
  Crazy Yiuf (D:3)
  A gnoll bouda (D:8)
  4 orc priests
  2 sleepcaps
  Terence (D:2)
  A scorpion zombie (D:4)
  Natasha (thrice) (D:4)
  3 iguanas
  11 orc wizards
  2 hound zombies (D:4)
  Robin (D:2)
  12 adders
  18 gnolls
  2 gnoll zombies (D:4)
  A white imp (D:8)
  4 ufetubi
  2 adder skeletons (D:4)
  An adder zombie (D:4)
  4 dart slugs
  28 orcs
  6 endoplasms
  2 giant cockroaches (D:4)
  22 goblins
  14 hobgoblins
  3 jackals (D:1)
  18 kobolds
  6 quokkas
  6 ball pythons
  4 bats
  10 frilled lizards
  2 rats
558 creatures vanquished.

Vanquished Creatures (others)
  4 starspawn tentacles (Abyss:2)
4 creatures vanquished.

Grand Total: 562 creatures vanquished

Notes
Turn   | Place    | Note
-------+----------+-------------------------------------------
     0 | D:1      | CougarLife the Gargoyle Earth Elementalist began the quest
                  | for the Orb.
     0 | D:1      | Reached XP level 1. HP: 10/10 MP: 3/3
   195 | D:1      | Reached XP level 2. HP: 15/15 MP: 1/5
   596 | D:1      | Reached XP level 3. HP: 19/19 MP: 2/6
   601 | D:1      | Reached skill level 2 in Conjurations
  1034 | D:2      | Found a faded altar of an unknown god.
  1114 | D:2      | Noticed Robin
  1223 | D:1      | Learned a level 3 spell: Stone Arrow
  1226 | D:2      | Killed Robin
  1227 | D:2      | Reached XP level 4. HP: 24/24 MP: 3/8
  1294 | D:2      | Found a bloodstained altar of Trog.
  1413 | D:2      | Noticed Terence
  1465 | D:2      | Killed Terence
  1697 | D:2      | Reached skill level 3 in Conjurations
  1697 | D:2      | Reached XP level 5. HP: 28/28 MP: 5/9
  2029 | D:3      | Reached skill level 5 in Earth Magic
  2186 | D:3      | Found a stormy altar of Qazlal.
  2310 | D:3      | Found a radiant altar of Vehumet.
  2317 | D:3      | Became a worshipper of Vehumet
  2451 | D:3      | Found a burning altar of Makhleb.
  2456 | D:3      | Found a glowing silver altar of Zin.
  2464 | D:3      | Reached XP level 6. HP: 16/32 MP: 2/11
  2632 | D:3      | Found a runed translucent door.
  2633 | D:3      | Noticed Crazy Yiuf
  2641 | D:3      | Killed Crazy Yiuf
  2741 | D:4      | Found a transporter.
  2817 | D:4      | Reached skill level 4 in Conjurations
  3009 | D:4      | Reached XP level 7. HP: 33/36 MP: 8/13
  3165 | D:4      | Noticed Natasha
  3171 | D:4      | Killed Natasha
  3171 | D:4      | Reached * piety under Vehumet
  3171 | D:4      | Offered knowledge of Freeze by Vehumet.
  3269 | D:4      | Noticed Natasha
  3280 | D:4      | Killed Natasha
  3353 | D:4      | Noticed Natasha
  3359 | D:4      | Killed Natasha
  3509 | D:4      | Reached skill level 5 in Conjurations
  3823 | D:4      | Found a transporter.
  4175 | D:5      | Entered Level 5 of the Dungeon
  4579 | D:5      | Offered knowledge of Mercury Vapours by Vehumet.
  4636 | D:5      | Reached ** piety under Vehumet
  4637 | D:5      | Reached skill level 5 in Spellcasting
  4637 | D:5      | Reached XP level 8. HP: 41/41 MP: 10/15
  5446 | D:6      | Reached skill level 6 in Conjurations
  5900 | D:6      | Reached skill level 7 in Conjurations
  5900 | D:6      | Reached XP level 9. HP: 28/45 MP: 4/18
  6522 | D:7      | Noticed Prince Ribbit
  6526 | D:7      | Killed Prince Ribbit
  6609 | D:7      | Offered knowledge of Scorch by Vehumet.
  6812 | D:7      | Found a staircase to the Ecumenical Temple.
  6839 | D:7      | Reached *** piety under Vehumet
  6840 | D:7      | Reached skill level 8 in Conjurations
  6979 | D:7      | Reached skill level 1 in Fire Magic
  7471 | D:8      | Reached skill level 10 in Earth Magic
  7471 | D:8      | Reached XP level 10. HP: 42/50 MP: 1/21
  7571 | D:8      | Noticed a death knight
  7577 | D:8      | Offered knowledge of Olgreb's Toxic Radiance by Vehumet.
  7600 | D:8      | Noticed a two-headed ogre
  7714 | D:8      | Found a flagged portal.
  7725 | Bailey   | Entered a bailey
  8013 | Bailey   | Learned a level 6 spell: Starburst
  8090 | Bailey   | Reached **** piety under Vehumet
  8091 | Bailey   | Reached skill level 9 in Conjurations
  8215 | Bailey   | Noticed a kobold demonologist
  8221 | Bailey   | Killed a kobold demonologist
  8221 | Bailey   | Offered knowledge of Lee's Rapid Deconstruction by Vehumet.
  8222 | Bailey   | Reached skill level 5 in Fire Magic
  8504 | Bailey   | Noticed an orc knight
  8516 | Bailey   | Killed an orc knight
  8801 | Bailey   | Found an iron altar of Okawaru.
  8801 | Bailey   | Noticed a kobold demonologist
  8867 | Bailey   | Killed a kobold demonologist
  8868 | Bailey   | Reached XP level 11. HP: 54/54 MP: 4/23
  9086 | Bailey   | Reached skill level 11 in Conjurations
  9086 | Bailey   | Reached XP level 12. HP: 72/72 MP: 24/24
  9548 | D:8      | Reached skill level 12 in Conjurations
  9851 | D:8      | Found a sparkling altar of Nemelex Xobeh.
  9985 | D:8      | Found a shimmering blue altar of Sif Muna.
 10189 | D:8      | Identified the +0 hat of Lies {-Tele rC+ Will+}
 10195 | D:8      | Noticed a six-headed hydra
 10200 | D:8      | Killed a six-headed hydra
 10292 | D:8      | Noticed a centaur warrior
 10296 | D:8      | Killed a centaur warrior
 10437 | D:8      | Identified the +0 chain mail of the Desolation of Salt
                  | {Rampage rElec Will-}
 10652 | D:9      | shield
 10654 | D:9      | Found a staircase to the Orcish Mines.
 10704 | D:9      | Learned a level 5 spell: Lee's Rapid Deconstruction
 10716 | D:9      | Acquired 778 gold pieces
 10839 | D:9      | Noticed Joseph
 10881 | D:9      | Killed Joseph
 11004 | D:9      | Found a staircase to the Lair.
 11022 | D:9      | Noticed Jeremiah
 11075 | D:9      | Killed Jeremiah
 11605 | D:9      | Found a sacrificial altar of Ru.
 12040 | D:10     | Entered Level 10 of the Dungeon
 12173 | D:10     | Noticed a two-headed ogre
 12175 | D:10     | Killed a two-headed ogre
 12180 | D:10     | Reached ***** piety under Vehumet
 12182 | D:10     | Offered knowledge of Sticky Flame by Vehumet.
 12468 | D:11     | Noticed Fannar
 12473 | D:11     | Killed Fannar
 12474 | D:11     | Reached skill level 13 in Conjurations
 12474 | D:11     | Reached XP level 13. HP: 56/80 MP: 3/26
 12919 | D:11     | Reached skill level 1 in Armour
 13467 | D:11     | Reached skill level 10 in Spellcasting
 13619 | Lair:1   | Entered Level 1 of the Lair of Beasts
 14180 | Lair:1   | Found a transporter.
 14222 | Lair:1   | Found a transporter.
 15188 | Lair:2   | Reached skill level 5 in Armour
 15314 | Lair:2   | Reached skill level 14 in Conjurations
 15876 | Lair:2   | Identified the +2 chain mail of the Sacrificial Victim
                  | {-Cast Str+5 Int-4}
 16066 | Lair:2   | Gained mutation: Your large and strong wings let you fly.
                  | [Gargoyle growth]
 16066 | Lair:2   | Reached XP level 14. HP: 86/86 MP: 20/28
 16543 | Lair:1   | Identified the amulet of Leav {Spirit ^Fragile rElec
                  | Will+++}
 17039 | Lair:2   | Found a staircase to the Snake Pit.
 17340 | Lair:3   | Found a staircase to the Shoals.
 18490 | Lair:4   | Found a staircase to the Slime Pits.
 18490 | Lair:4   | Found a viscous altar of Jiyva.
 18789 | Lair:4   | Reached skill level 1 in Air Magic
 19775 | Lair:5   | Entered Level 5 of the Lair of Beasts
 19854 | Lair:5   | Found a shadowy altar of Dithmenos.
 20218 | Lair:4   | Acquired a staff of earth
 20224 | Lair:4   | Acquired 1124 gold pieces
 20282 | Lair:5   | Reached skill level 15 in Conjurations
 20771 | Lair:5   | Reached XP level 15. HP: 90/90 MP: 19/30
 21201 | Lair:5   | Reached skill level 5 in Air Magic
 21226 | Lair:5   | Reached ****** piety under Vehumet
 21484 | Abyss:2  | Cast into level 2 of the Abyss (spriggan)
 21705 | Abyss:2  | Noticed a Hell Sentinel
 21780 | Abyss:2  | Noticed a hellephant
 21783 | Abyss:2  | HP: 3/90 [reaper/+4 heavy scythe (34)]
 21930 | Abyss:2  | Noticed a shadow dragon
 21935 | Abyss:2  | Found a corrupted altar of Lugonu.
 22043 | Abyss:2  | Offered knowledge of Fulminant Prism by Vehumet.
 22046 | Abyss:2  | Found a corrupted altar of Lugonu.
 22378 | Abyss:2  | Learned a level 6 spell: Plasma Beam
 22500 | Abyss:2  | Noticed a deep elf sorcerer
 22512 | Abyss:2  | Found a corrupted altar of Lugonu.
 22638 | Abyss:2  | Noticed a tentacled starspawn
 22643 | Abyss:2  | Killed a tentacled starspawn
 22859 | Abyss:2  | Paralysed by accursed screaming for 1 turns
 22862 | Abyss:2  | Noticed a tentacled starspawn
 22865 | Abyss:2  | HP: 2/90 [starcursed mass/accursed screaming (6)]
 22866 | Abyss:2  | Paralysed by accursed screaming for 1 turns
 22866 | Abyss:2  | Collided with a starcursed mass

Illustrated notes

#. .. ### #. ..
.... #.## .##
....##..###..##
..............#..
#................
.........<.....#
#.....)........#
#...)†@).......#
##...)††.......#
#....)........#
#.............#
#....#.#.......
###.####.....##
#. #....# ## ..##


Turn 10652 on D:9: shield

Levels and vault maps discovered:
D:1:      grunt_arrival_lava_bath, layout_basic
D:2:      layout_loops_ring, dreamdust_ecumenical_altar_grove, basic_altar,
          uniq_terence, uniq_robin
D:3:      layout_rooms, grunt_temple_overflow_order_and_chaos_2,
          mainiacjoe_overflow_six_doors_small,
          mainiacjoe_overflow_surrounded_room, uniq_crazy_yiuf_cottage
D:4:      gammafunk_cloud_chamber, layout_basic, serial_undead, serial_undead_c,
          serial_undead_b, serial_undead_b, serial_undead_a, st_stairs_14,
          uniq_natasha
D:5:      layout_layer_cave, minmay_lizard_king
D:6:      layout_basic
D:7:      layout_cave_pools, minmay_temple_entry_enclosed_plants,
          uniq_prince_ribbit1
D:8:      minmay_the_grid_octo_tiled_octocenter [minmay_the_grid_octo_chip,
          minmay_the_grid_octo_pinwheel, minmay_the_grid_octo_fat_diamond,
          minmay_the_grid_octo_tetromino_candy,
          minmay_the_grid_octo_prize_single_spiral,
          minmay_the_grid_square_5x5_n, minmay_the_grid_square_5x5_bracketed,
          minmay_the_grid_square_5x5_moneybag,
          minmay_the_grid_square_5x5_longway], layout_loops_ring,
          mainiacjoe_overflow_small_starburst, marbit_many_paths,
          enter_bailey_3, onia_ninara_dug_in_and_dangerous
D:9:      layout_cave_pools, mainiacjoe_overflow_boulevard, lair_entry_dummy,
          orc_0_dummy, disabler_island, uniq_joseph, uniq_jeremiah
D:10:     layout_cross
D:11:     layout_loops_cross, wad_rectangle_vault, uniq_fannar
Lair:1:   gammafunk_worm_tunnel, layout_regular_city, st_stairs_9,
          minmay_lair_oklob_bushes
Lair:2:   minmay_lair_oklob_tunnel, layout_cellular_growth,
          nicolae_snake_entry_warm_welcome, beast_lair_carwin_1
Lair:3:   layout_roguey, elwin_shoals_entry_stream, minmay_holes,
          lemuel_fruit_tree
Lair:4:   layout_layer_cave, slime_entry_1, lemuel_fruit_fields
Lair:5:   hellmonk_lair_end_abyssal_woods, layout_concentric_octagons,
          basic_altar, minmay_hedge_maze, grunt_megastairs_3,
          serial_bayou_shore_a
Abyss:2:  base: D:15, hangedman_shadowy_showcase, minivault_23,
          spicy_abyss_helpful_harpoons

Skill      XL: |  1  2  3  4  5  6  7  8  9 10 11 12 13 14 15 |
---------------+----------------------------------------------+-----
Earth Magic    | 4 5 6 7 8 10 11 12 13 14 | 14.5
Conjurations   | 2 3 4 5 7 8 9 11 13 14 15 | 15.6
Spellcasting   | 3 4 5 6 7 8 9 10 11 12 | 12.2
Fire Magic     | 2 6 7 8 |  8.2
Fighting       | 7 9 |  9.0
Armour         | 5 7 |  7.0
Air Magic      | 4 6 |  6.0
Dodging        | |  1.5
Stealth        | |  2.1

Action                     |  1- 3 |  4- 6 |  7- 9 | 10-12 | 13-15 || total
---------------------------+-------+-------+-------+-------+-------++-------
  Melee: Unarmed           |    10 |       |       |       |       ||    10
         Dagger            |    13 |     7 |    23 |    26 |    56 ||   125
         Staff             |       |       |       |       |     8 ||     8
   Cast: Sandblast         |    47 |    68 |   169 |    71 |   153 ||   508
         Stone Arrow       |     1 |     8 |    40 |   123 |   184 ||   356
         Starburst         |       |       |       |    29 |   130 ||   159
         Lee's Rapid Decon |       |       |       |     3 |    13 ||    16
         Plasma Beam       |       |       |       |       |     3 ||     3
    Use: Scroll            |       |       |     6 |     1 |    20 ||    27
         Potion            |       |       |       |     1 |     3 ||     4
 Armour: Robe              |    41 |    32 |   137 |   100 |       ||   310
         Skin              |       |     5 |       |     1 |       ||     6
         Troll leather arm |       |       |       |    56 |   328 ||   384
  Dodge: Dodged            |    40 |    29 |   112 |   105 |   191 ||   477

Table legend: (Time is in decaauts)
 A = Elapsed time spent in this place.
 B = Non-inter-level travel time spent in this place.
 C = Inter-level travel time spent in this place.
 D = Time resting spent in this place.
 E = Time spent auto-exploring this place.
 F = Levels seen in this place.
 G = Mean time per level.
                   A        B        C        D        E       F      G
               +--------+--------+--------+--------+--------+-----+--------+
         Total |  23169 |  22514 |    655 |   7679 |  10554 |  18 | 1287.2 |
       Dungeon |  12294 |  11929 |    365 |   2897 |   6794 |  11 | 1117.6 |
          Lair |   7943 |   7653 |    290 |   2901 |   3506 |   5 | 1588.6 |
         Abyss |   1386 |   1386 |      0 |   1024 |     56 |   1 | 1386.0 |
        Bailey |   1544 |   1544 |      0 |    857 |    198 |   1 | 1544.0 |
               +--------+--------+--------+--------+--------+-----+--------+

Top non-repeatable levels by time:
  Lair:2: 2066 daAuts
  Lair:1: 1833 daAuts
     D:8: 1829 daAuts
  Lair:4: 1802 daAuts
  Bailey: 1544 daAuts
     D:4: 1483 daAuts
     D:9: 1403 daAuts
 Abyss:2: 1386 daAuts
     D:5: 1285 daAuts
  Lair:5: 1241 daAuts
     D:6: 1061 daAuts
     D:2: 1024 daAuts
     D:1: 1015 daAuts
  Lair:3: 999 daAuts
    D:11: 994 daAuts
